AoeStats
← darador86

Arena

508138947Analyzed
4v4 RM · 13d ago on Sep 21, 2026· 33m 5s· 8 players
Game mode
Random Map
Map size
Large (8 player)
Population
200
Speed
Normal
Resources
Standard
Victory
Conquest
Starting age
Dark Age
Ending age
Imperial Age
RankedLock teamsTeams togetherTeam positionsShared explorationLock speedFull tech treeHidden civsTurbo modeCheats
Victory
Defeat
🇨🇴 Burgundians · Colombia
857
+10
🇨🇴 Khmer · Colombia
836
+11
🇧🇷 Turks · Brazil
831
+11
🇺🇸 Huns · United States
749
+13
🇦🇷 Gurjaras · Argentina
760
-13
🇦🇷 Ethiopians · Argentina
712
-11
🇦🇷 Huns · Argentina
698
-11
🇦🇷 Bulgarians · Argentina
689
-10
joacoc87
11:21 Feudal Age
13:13 Wheelbarrow
12:20 Horse Collar
12:28 Double-Bit Axe
12:57 Town Watch
13:39 Gold Mining
17:26 Castle Age
15:45 Stone Mining
22:02 Fletching
24:20 Hand Cart
24:55 Hand Cart
25:34 Loom
30:22 Stone Shaft Mining
32:16 Forging
darador86
12:20 Feudal Age
13:28 Double-Bit Axe
16:10 Horse Collar
19:15 Castle Age
19:22 Gold Mining
19:23 Stone Mining
20:14 Wheelbarrow
19:25 Town Watch
20:05 Heavy Plow
21:55 Bow Saw
23:53 Town Watch
24:24 Hand Cart
25:42 Gold Shaft Mining
25:47 Town Patrol
27:01 Husbandry
28:15 Scale Barding Armor
28:11 Scale Mail Armor
28:21 Forging
28:25 Pikeman
Vollenbad
1:35 Loom
13:13 Feudal Age
13:46 Double-Bit Axe
17:38 Wheelbarrow
19:58 Castle Age
21:21 Bow Saw
23:38 Hand Cart
27:08 Forging
27:00 Scale Mail Armor
29:15 Pikeman
GueparflexXx
9:53 Feudal Age
11:10 Wheelbarrow
10:19 Horse Collar
10:47 Double-Bit Axe
18:23 Castle Age
16:37 Gold Mining
17:09 Stone Mining
17:53 Fletching
18:03 Padded Archer Armor
19:22 Hand Cart
20:07 Bow Saw
20:34 Heavy Plow
20:46 Loom
21:27 Crossbowman
22:28 Leather Archer Armor
27:12 Thumb Ring
EVOLUTIONS
7:36 Loom
10:04 Feudal Age
18:14 Castle Age
18:14 Horse Collar
18:21 Double-Bit Axe
18:35 Gold Mining
19:48 Husbandry
22:16 Bow Saw
24:58 Scale Barding Armor
26:46 Chain Barding Armor
30:59 Heavy Plow
31:51 Gold Shaft Mining
Tamor
11:59 Feudal Age
17:34 Castle Age
16:26 Gold Mining
22:40 Imperial Age
21:27 Double-Bit Axe
22:48 Padded Archer Armor
cesaruseche1
7:03 Loom
11:23 Feudal Age
15:12 Castle Age
13:27 Double-Bit Axe
14:04 Stone Mining
14:42 Gold Mining
15:23 Forging
15:14 Scale Mail Armor
15:09 Horse Collar
19:00 Bow Saw
22:25 Man-at-Arms
23:02 Fletching
25:03 Wheelbarrow
29:43 Pikeman
30:59 Iron Casting
31:07 Chain Mail Armor
31:07 Bloodlines
31:45 Scale Barding Armor
32:31 Husbandry
32:57 Hand Cart
32:58 Town Watch
33:22 Heavy Plow
33:58 Gold Shaft Mining
33:59 Stone Shaft Mining
Lord Sith Khan
4:01 Wheelbarrow
8:57 Loom
10:29 Double-Bit Axe
14:53 Feudal Age
14:38 Gold Mining
14:38 Horse Collar
16:06 Town Watch
17:49 Bow Saw
17:42 Heavy Plow
19:04 Stone Mining
20:45 Hand Cart
20:52 Hand Cart
24:54 Castle Age
24:59 Gold Shaft Mining
25:22 Caravan
26:46 Stone Shaft Mining
26:29 Fletching
26:51 Forging
26:49 Scale Barding Armor
30:04 Padded Archer Armor
30:25 Town Patrol
30:29 Husbandry
29:51 Cavalier
31:15 Iron Casting
30:35 Bodkin Arrow
31:01 Chain Barding Armor
31:57 Two-Man Saw
31:31 Crop Rotation
Connection lost

Rejoining the realm…

Still unreachable

The connection could not be restored.

Session expired

The server has moved on; the page needs a fresh start.